Map: Dusk Towers

Players

Miszu - Winner!

  • Race: Zerg Zerg
  • League: Master

CasualTea

  • Race: Zerg Zerg
  • League: Grandmaster

VOD

Have the link to the VOD?

Description

Time

  • Played on: June 29, 2016, 12:23 p.m.
  • Length: 10:36
Show
View Real Time Build Order
Export as new Build Order

Miszu Zerg - Winner!

Build Orders: Hatch First 

Get SALT Encoding   

  12  0:00  Drone  
  13  0:12  Overlord  
  13  0:19  Drone  
  14  0:31  Drone x2  
  16  0:38  Drone  
  17  0:53  Hatchery  
  17  0:56  Drone  
  17  0:59  Drone  
  18  1:07  Extractor  
  17  1:14  Spawning Pool  
  17  1:17  Drone  
  17  1:22  Drone  
  18  1:32  Drone  
  19  1:39  Overlord  
  19  2:00  Queen  
  21  2:04  Queen  
  21  2:07  Zergling x6  
  26  2:09  Metabolic Boost  
  26  2:12  Drone  
  26  2:15  Drone  
  28  2:21  Drone  
  29  2:26  Drone  
  30  2:35  Drone  
  31  2:37  Drone  
  32  2:45  Drone  
  32  2:49  Baneling Nest  
  32  2:59  Drone x2  
  32  3:00  Hatchery  
  32  3:03  Overlord  
  33  3:21  Zergling x14  
  33  3:23  Zergling x2  
  33  3:25  Zergling x2  
  42  3:27  Zergling x2  
  42  3:33  Zergling x2  
  44  3:35  Baneling  
  44  3:36  Baneling x5  
  44  3:40  Overlord  
  44  3:59  Zergling x6  
  39  4:12  Zergling x12  
  45  4:18  Drone x4  
  45  4:19  Drone  
  45  4:20  Drone x2  
  51  4:26  Drone  
  51  4:31  Drone  
  53  4:32  Drone  
  53  4:34  Drone  
  55  4:40  Evolution Chamber  
  55  4:41  Roach Warren, Evolution Chamber  
  55  4:43  Drone x2  
  54  4:47  Extractor  
  54  4:48  Extractor  
  54  4:50  Drone x3  
  55  4:58  Drone x4  
  56  5:00  Drone  
  56  5:06  Zerg Missile Weapons Level 1  
  51  5:08  Zerg Ground Armor Level 1  
  47  5:18  Overlord  
  47  5:22  Lair  
  47  5:23  Drone x3  
  47  5:24  Extractor  
  47  5:25  Drone  
  50  5:29  Overlord  
  50  5:31  Roach  
  52  5:36  Queen  
  52  5:40  Roach  
  52  5:41  Roach  
  58  5:44  Roach  
  58  5:47  Roach  
  58  5:48  Roach  
  64  5:51  Roach  
  64  5:53  Roach  
  70  5:57  Roach  
  70  5:58  Roach  
  70  6:00  Drone  
  73  6:10  Overlord x3  
  73  6:19  Glial Reconstitution  
  73  6:28  Drone x8  
  73  6:29  Drone x2  
  73  6:30  Drone  
  73  6:32  Drone  
  85  6:40  Overlord  
  85  6:41  Overlord  
  85  6:42  Roach  
  85  6:43  Roach x2  
  85  6:46  Ravager x2  
  85  6:47  Ravager x3  
  96  6:58  Roach x4  
  96  6:59  Roach x2  
  108  7:13  Extractor  
  108  7:15  Overlord, Extractor  
  106  7:20  Roach x3  
  106  7:21  Overlord x4  
  106  7:22  Overlord  
  112  7:36  Roach  
  120  7:37  Roach x3  
  120  7:42  Zerg Ground Armor Level 2  
  120  7:53  Zerg Missile Weapons Level 2  
  117  8:03  Roach  
  117  8:04  Roach x6  
  114  8:13  Pneumatized Carapace  
  114  8:16  Roach  
  114  8:17  Roach  
  114  8:19  Roach  
  122  8:20  Roach  
  122  8:22  Roach  
  122  8:23  Roach  
  126  8:28  Roach x3  
  126  8:29  Roach  
  132  8:37  Roach x3  
  132  8:38  Roach  
  132  8:39  Overlord x4  
  132  8:40  Overlord  
  140  8:42  Roach x2  
  144  8:51  Roach  
  146  8:57  Hatchery  
  141  9:08  Roach x6  
  153  9:15  Roach x4  
  153  9:16  Roach x3  
  167  9:22  Roach  
  167  9:31  Roach  
  167  9:32  Roach x5  
  179  9:41  Roach  
  179  9:42  Roach x3  
  187  9:50  Roach  
  189  9:53  Ravager  
  189  9:54  Ravager x4  
  189  9:56  Ravager x3  
  189  9:59  Overseer  
  197  10:02  Roach  
Show
View Real Time Build Order
Export as new Build Order

CasualTea Zerg 

Build Orders: Hatch First 

Get SALT Encoding   

  12  0:01  Drone  
  13  0:09  Drone  
  14  0:17  Overlord  
  14  0:23  Extractor  
  14  0:24  Drone  
  15  0:36  Drone x2  
  17  0:46  Drone  
  18  0:56  Hatchery  
  17  1:08  Spawning Pool  
  17  1:10  Drone  
  17  1:13  Extractor  
  17  1:15  Drone  
  17  1:19  Drone  
  18  1:27  Drone  
  19  1:40  Overlord  
  19  1:54  Queen  
  19  1:55  Zergling x2  
  22  2:02  Drone  
  23  2:15  Hatchery  
  22  2:18  Pneumatized Carapace  
  22  2:19  Drone  
  22  2:20  Drone  
  22  2:21  Drone  
  25  2:26  Drone  
  26  2:33  Queen  
  28  2:38  Drone  
  28  2:40  Overlord  
  28  2:51  Drone x2  
  30  3:01  Roach Warren  
  30  3:05  Drone x3, Spine Crawler  
  31  3:08  Drone  
  32  3:19  Drone x4  
  36  3:27  Queen  
  38  3:41  Roach x4  
  46  3:47  Queen  
  48  3:49  Drone  
  48  3:50  Drone  
  48  3:54  Overlord  
  48  3:55  Overlord  
  48  4:13  Queen  
  49  4:24  Drone x5  
  49  4:28  Queen  
  49  4:30  Overlord  
  55  4:31  Drone x2  
  55  4:32  Drone  
  58  4:38  Drone  
  58  4:39  Drone  
  58  4:41  Extractor  
  58  4:42  Drone x2  
  58  4:45  Drone  
  62  4:47  Lair  
  62  4:48  Drone x2  
  62  4:52  Roach  
  66  4:58  Roach x2  
  74  5:01  Zergling x2  
  74  5:02  Zergling x2  
  74  5:03  Queen  
  70  5:17  Hatchery  
  69  5:26  Extractor  
  69  5:27  Extractor  
  67  5:31  Evolution Chamber  
  67  5:33  Evolution Chamber  
  67  5:34  Drone  
  66  5:36  Overlord  
  66  5:48  Glial Reconstitution  
  68  5:52  Overlord  
  68  5:53  Overlord x3  
  68  5:59  Zerg Ground Armor Level 1  
  68  6:08  Zerg Missile Weapons Level 1  
  66  6:15  Drone x8  
  74  6:20  Drone  
  74  6:24  Drone x2  
  77  6:26  Queen x2  
  81  6:32  Queen  
  81  6:33  Drone  
  81  6:34  Drone x2  
  81  6:39  Drone x3  
  89  6:42  Overseer  
  89  6:48  Overlord  
  89  6:50  Overlord  
  89  6:58  Overlord  
  89  7:03  Roach x2  
  89  7:04  Roach x6  
  89  7:07  Extractor  
  106  7:08  Roach  
  106  7:12  Overlord  
  106  7:17  Roach x5  
  106  7:21  Hatchery  
  115  7:23  Spine Crawler  
  115  7:24  Roach, Spine Crawler  
  115  7:26  Roach  
  117  7:32  Roach  
  117  7:36  Roach x4  
  128  7:43  Roach x2  
  132  7:47  Hatchery  
  132  7:48  Overlord x2  
  132  7:49  Hydralisk Den  
  118  8:11  Drone  
  118  8:12  Drone x11  
  130  8:16  Zerg Ground Armor Level 2, Zerg Missile Weapons Level 2  
  130  8:22  Muscular Augments  
  130  8:23  Extractor  
  129  8:37  Hydralisk  
  129  8:38  Hydralisk x7  
  145  8:49  Roach  
  145  8:50  Roach x2  
  145  8:53  Roach, Hatchery  
  145  8:54  Roach  
  154  8:57  Overlord x2  
  154  8:58  Overlord x2  
  146  9:03  Hatchery  
  146  9:07  Roach  
  146  9:08  Roach x6  
  157  9:17  Roach  
  157  9:18  Roach x3  
  165  9:24  Roach x5  
  173  9:36  Roach x7  
  187  9:57  Infestation Pit  
  186  10:05  Overlord x2  
  186  10:08  Drone x2  
  186  10:09  Drone  
  186  10:10  Drone x7  
Tags
 
Add a new tag
Caveats
  • Supply blocks, unpowered buildings, or Contaminate may cause inaccurate times.
  • Supply counts are checked every 10 seconds.